 Dungeon Crawl Stone Soup version 0.23-b1-13-gf37ab262a9 (webtiles) character file.

Game seed: 5276890072957671486

3592 LostNumber the Magician (level 10, -3/77 HPs)
             Began as a Gnoll Warper on Feb 3, 2019.
             Was a Follower of Ru.
             Shot with an arrow by a centaur (5 damage)
             ... on level 7 of the Dungeon.
             The game lasted 00:15:29 (8925 turns).

LostNumber the Magician (Gnoll Warper)              Turns: 8925, Time: 00:15:29

Health: -3/77      AC:  7    Str: 16    XL:     10   Next: 10%
Magic:  20/20      EV: 13    Int: 16    God:    Ru [*.....]
Gold:   254        SH:  3    Dex: 15    Spells: 9/23 levels left

rFire    . . .     SeeInvis .   A - +5 flail (protect)
rCold    . . .     Gourm    .   (no shield)
rNeg     . . .     Faith    .   j - +0 scale mail (curse)
rPois    .         Spirit   .   (no helmet)
rElec    .         Reflect  +   (no cloak)
rCorr    .         Harm     .   (no gloves)
MR       .....                  (no boots)
Stlth    ++........             w - +3 amulet of reflection
HPRegen  0.22/turn              (no ring)
MPRegen  0.17/turn              (no ring)

@: no status effects
A: distributed training, fangs 1, hated by all, strong nose
a: Renounce Religion


You were on level 7 of the Dungeon.
You worshipped Ru.
Ru was aware of your devotion.
You were not hungry.

You visited 2 branches of the dungeon, and saw 8 of its levels.

You collected 464 gold pieces.
You spent 210 gold pieces at shops.

Inventory:

Hand Weapons
 a - a +0 falchion
 o - a +0 short sword of flaming
 s - a +1 dagger of electrocution
 A - a +5 flail of protection (weapon)
Missiles
 e - 10 tomahawks of dispersal (quivered)
 l - 7 tomahawks
 y - 4 steel tomahawks
Armour
 b - a +0 leather armour
 g - a +0 ring mail
 j - a cursed +0 scale mail (worn)
Jewellery
 p - an uncursed ring of wizardry {unknown}
 q - an uncursed amulet of guardian spirit {unknown}
 w - a +3 amulet of reflection (around neck)
Wands
 z - a wand of scattershot (6)
Scrolls
 c - 2 scrolls of fog {unknown}
 d - 3 scrolls of blinking
 m - 3 scrolls of identify {unknown}
 n - 3 scrolls of teleportation
 t - 3 scrolls of enchant armour {unknown}
 B - a scroll of noise {unknown}
 C - a scroll of immolation {unknown}
 E - a scroll of enchant weapon {unknown}
Potions
 h - 2 potions of heal wounds
 i - a potion of cancellation {unknown}
 k - 2 potions of magic {unknown}
 r - 3 potions of mutation {unknown}
 u - a potion of agility {unknown}
 v - 2 potions of haste {unknown}
 x - a potion of flight {unknown}
 D - 8 potions of curing
Comestibles
 f - 10 rations
 F - 5 chunks of flesh


   Skills:
 + Level 6.7 Fighting
 + Level 4.8 Short Blades
 + Level 6.7 Long Blades
 + Level 4.8 Axes
 + Level 4.8 Maces & Flails
 + Level 4.8 Polearms
 + Level 4.8 Staves
 + Level 4.8 Slings
 + Level 4.8 Bows
 + Level 4.8 Crossbows
 + Level 5.5 Throwing
 + Level 5.5 Armour
 + Level 6.7 Dodging
 + Level 4.8 Stealth
 + Level 4.8 Shields
 + Level 4.8 Unarmed Combat
 + Level 7.0 Spellcasting
 + Level 4.0 Conjurations
 + Level 4.0 Hexes
 + Level 4.0 Charms
 + Level 4.0 Summonings
 + Level 4.0 Necromancy
 + Level 6.8 Translocations
 + Level 4.0 Transmutations
 + Level 4.0 Fire Magic
 + Level 4.0 Ice Magic
 + Level 4.0 Air Magic
 + Level 4.0 Earth Magic
 + Level 4.0 Poison Magic
 + Level 5.3 Invocations
 + Level 4.8 Evocations


You had 9 spell levels left.
You knew the following spells:

 Your Spells              Type           Power        Failure   Level  Hunger
a - Blink                 Tloc           N/A          3%          2    None
b - Shroud of Golubria    Chrm/Tloc      ###.......   6%          2    None
c - Lesser Beckoning      Tloc           ####......   7%          3    ##.....
d - Teleport Other        Tloc           ####....     7%          3    ##.....
e - Passage of Golubria   Tloc           N/A          24%         4    ####...

Your spell library contained the following spells:

 Spells                   Type           Power        Failure   Level  Hunger
 Apportation              Tloc           ####..       2%          1    None
 Gell's Gravitas          Tloc           ####......   7%          3    ##.....
 Confusing Touch          Hex            ###...       8%          1    None
 Animate Skeleton         Necr           Unusable     N/A         1    N/A
 Summon Small Mammal      Summ           Unusable     N/A         1    N/A

Dungeon Overview and Level Annotations

Branches:
Dungeon (7/15)             Temple (1/1) D:5

Altars:
Ashenzari
Cheibriados
Dithmenos
Elyvilon
Fedhas
Gozag
Hepliaklqana
Kikubaaqudgha
Makhleb
Nemelex Xobeh
Okawaru
Qazlal
Ru
Sif Muna
Trog
Uskayaw
Vehumet
Wu Jian
Xom
Yredelemnul
Zin
The Shining One

Shops:
D:6 !


Innate Abilities, Weirdness & Mutations

Your experience applies equally to all skills.
You have very sharp teeth.
You are hated by all.
Your uncanny sense of smell can sniff out nearby items.


Message History

The centaur shoots an arrow.
You reflect the arrow off an invisible shield around you!
The arrow hits the centaur.
The arrow freezes the centaur.
You redirect the centaur's attack!
The centaur shoots an arrow.
The arrow hits the orc!
The arrow freezes the orc.
The orc dies!
The centaur shoots an arrow.
The arrow hits you! The arrow freezes you.
You see here 2 arrows.
The centaur shoots an arrow.
The arrow hits you. The arrow freezes you.
* * * LOW HITPOINT WARNING * * *
You see here an arrow.
The centaur shoots an arrow.
The arrow hits you!
* * * LOW HITPOINT WARNING * * *
The arrow freezes you.
* * * LOW HITPOINT WARNING * * *
The orc wizard mumbles some strange words.
The orc wizard blinks!
The centaur shoots an arrow.
The arrow hits you!
* * * LOW HITPOINT WARNING * * *
The arrow freezes you.
You die...

.......#..........# ...
.......#..........# ...
.###'####...####### #.....
.###..###.÷.##...## #.....
..#.....#.........# #.....
..#.....#.........# ∆ #.....
..#.....'.........# +.....
######'################# #.....
................@(o.o..# #.....
..................o....##+##.....
......................§.(..(.....
......................)((....)...
.................................
####################'##c.........
.........#...(......
.........#..........
.........#..........


You could see an orc warrior, a centaur and 2 orcs.

Vanquished Creatures
  Pikel (D:5)
  Grinder (D:5)
  Sigmund (D:4)
  Menkaure (D:4)
  Edmund (D:6)
  2 sky beasts (D:5)
  3 black bears (D:6)
  An ice beast (D:7)
  A slave (D:5)
  4 ogres
  2 phantoms (D:4)
  4 centaurs
  Blork the orc (D:4)
  2 scorpions (D:5)
  4 killer bees (D:6)
  A howler monkey (D:4)
  3 crimson imps
  5 hounds
  3 orc priests (D:5)
  2 jellies
  5 orc wizards
  3 iguanas
  7 adders
  6 gnolls
  A shadow imp (D:5)
  2 oozes (D:3)
  4 adder skeletons
  5 worms
  4 dart slugs
  4 leopard geckos (D:3)
  22 orcs
  2 ball pythons
  4 bats
  4 giant cockroaches
  7 goblins
  7 hobgoblins
  11 jackals
  3 quokkas
  A frilled lizard (D:2)
  A jackal skeleton (D:6)
  5 kobolds
  2 quokka skeletons
  7 rats
  A spectral orc (D:4)
161 creatures vanquished.

Vanquished Creatures (others)
  A killer bee (D:5)
  A howler monkey (D:4)
  A hound (D:4)
  An iguana (D:4)
  A worker ant (D:4)
  An adder (D:4)
  A leopard gecko (D:4)
  An orc (D:7)
  A giant cockroach (D:4)
  2 bushes (D:6)
11 creatures vanquished.

Grand Total: 172 creatures vanquished

Notes
Turn   | Place    | Note
-------+----------+-------------------------------------------
     0 | D:1      | LostNumber the Gnoll Warper began the quest for the Orb.
     0 | D:1      | Reached XP level 1. HP: 20/20 MP: 6/6
   181 | D:1      | Reached XP level 2. HP: 26/26 MP: 7/7
   185 | D:1      | Learned a level 2 spell: Blink
   188 | D:1      | Learned a level 2 spell: Shroud of Golubria
   978 | D:1      | Reached XP level 3. HP: 22/31 MP: 9/9
  1060 | D:2      | Reached skill level 5 in Spellcasting
  1100 | D:2      | Learned a level 3 spell: Lesser Beckoning
  1104 | D:2      | Learned a level 3 spell: Teleport Other
  1488 | D:2      | Found a glowing silver altar of Zin.
  1526 | D:3      | Reached skill level 1 in Invocations
  1683 | D:3      | Reached skill level 1 in Short Blades
  1683 | D:3      | Reached skill level 1 in Axes
  1683 | D:3      | Reached skill level 1 in Maces & Flails
  1683 | D:3      | Reached skill level 1 in Polearms
  1683 | D:3      | Reached skill level 1 in Staves
  1683 | D:3      | Reached skill level 1 in Slings
  1683 | D:3      | Reached skill level 1 in Bows
  1683 | D:3      | Reached skill level 1 in Crossbows
  1683 | D:3      | Reached skill level 1 in Stealth
  1683 | D:3      | Reached skill level 1 in Shields
  1683 | D:3      | Reached skill level 1 in Unarmed Combat
  1683 | D:3      | Reached skill level 1 in Evocations
  1870 | D:3      | Reached XP level 4. HP: 28/38 MP: 8/11
  2061 | D:3      | Reached skill level 1 in Conjurations
  2061 | D:3      | Reached skill level 1 in Hexes
  2061 | D:3      | Reached skill level 1 in Charms
  2061 | D:3      | Reached skill level 1 in Summonings
  2061 | D:3      | Reached skill level 1 in Necromancy
  2061 | D:3      | Reached skill level 1 in Transmutations
  2061 | D:3      | Reached skill level 1 in Fire Magic
  2061 | D:3      | Reached skill level 1 in Ice Magic
  2061 | D:3      | Reached skill level 1 in Air Magic
  2061 | D:3      | Reached skill level 1 in Earth Magic
  2061 | D:3      | Reached skill level 1 in Poison Magic
  2162 | D:3      | Found a blossoming altar of Fedhas.
  2282 | D:3      | Reached XP level 5. HP: 42/43 MP: 12/12
  2958 | D:4      | Noticed Blork the orc
  2967 | D:4      | Killed Blork the orc
  2967 | D:4      | Reached XP level 6. HP: 41/50 MP: 11/13
  3021 | D:4      | Noticed Menkaure
  3049 | D:4      | Killed Menkaure
  3049 | D:4      | Reached skill level 5 in Fighting
  3049 | D:4      | Reached skill level 5 in Long Blades
  3049 | D:4      | Reached skill level 5 in Dodging
  3340 | D:4      | Noticed a phantom
  3368 | D:4      | Killed a phantom
  3368 | D:4      | Reached XP level 7. HP: 26/56 MP: 12/15
  3441 | D:4      | Learned a level 4 spell: Passage of Golubria
  3663 | D:4      | Found a shimmering altar of Xom.
  3704 | D:4      | Found a basalt altar of Yredelemnul.
  4329 | D:4      | Noticed Sigmund
  4348 | D:4      | Killed Sigmund
  4348 | D:4      | Reached XP level 8. HP: 40/63 MP: 16/16
  4525 | D:5      | Entered Level 5 of the Dungeon
  4661 | D:5      | Found a staircase to the Ecumenical Temple.
  4668 | Temple   | Entered the Ecumenical Temple
  4753 | Temple   | Became a worshipper of Ru the Awakened
  5400 | D:5      | Reached skill level 6 in Spellcasting
  5572 | D:5      | Found a radiant altar of Vehumet.
  6145 | D:5      | Noticed Grinder
  6163 | D:5      | Killed Grinder
  6163 | D:5      | Reached XP level 9. HP: 54/69 MP: 18/18
  6223 | D:5      | Found an iron altar of Okawaru.
  6606 | D:5      | Noticed Pikel
  6620 | D:5      | Killed Pikel
  6620 | D:5      | Reached skill level 5 in Throwing
  6620 | D:5      | Reached skill level 5 in Armour
  6937 | D:6      | Noticed Edmund
  6962 | D:6      | Killed Edmund
  6995 | D:6      | Found a bloodstained altar of Trog.
  7033 | D:6      | HP: 2/71 [killer bee (5)]
  7425 | D:6      | Gained mutation: You are hated by all. [Ru sacrifice]
  7425 | D:6      | Reached * piety under Ru
  7471 | D:6      | Reached skill level 5 in Invocations
  7813 | D:6      | Found Bumpa's Distillery.
  7833 | D:6      | Bought a potion of curing for 42 gold pieces
  7833 | D:6      | Bought a potion of curing for 42 gold pieces
  7833 | D:6      | Bought a potion of curing for 42 gold pieces
  7833 | D:6      | Bought a potion of curing for 42 gold pieces
  7833 | D:6      | Bought a potion of curing for 42 gold pieces
  7987 | D:6      | Found a snail-covered altar of Cheibriados.
  8002 | D:6      | Found a shadowy altar of Dithmenos.
  8018 | D:6      | Found an ornate altar of the Wu Jian Council.
  8037 | D:6      | Found a deep blue altar of Sif Muna.
  8265 | D:6      | Reached XP level 10. HP: 76/77 MP: 20/20
  8514 | D:2      | Found a hide-covered altar of Uskayaw.
  8515 | D:2      | Found a radiant altar of Vehumet.
  8771 | D:7      | Reached skill level 7 in Spellcasting
  8925 | D:7      | HP: 2/77 [centaur/arrow (9)]
  8925 | D:7      | Shot with an arrow by a centaur

Skill      XL: |  1  2  3  4  5  6  7  8  9 10 |
---------------+-------------------------------+-----
Spellcasting   | 5 6 7 |  7.0
Invocations    | 1 2 3 4 5 |  5.3
Short Blades   | 1 2 3 4 |  4.8
Axes           | 1 2 3 4 |  4.8
Maces & Flails | 1 2 3 4 |  4.8
Polearms       | 1 2 3 4 |  4.8
Staves         | 1 2 3 4 |  4.8
Slings         | 1 2 3 4 |  4.8
Bows           | 1 2 3 4 |  4.8
Crossbows      | 1 2 3 4 |  4.8
Stealth        | 1 2 3 4 |  4.8
Shields        | 1 2 3 4 |  4.8
Unarmed Combat | 1 2 3 4 |  4.8
Evocations     | 1 2 3 4 |  4.8
Conjurations   | 1 2 3 4 |  4.0
Hexes          | 1 2 3 4 |  4.0
Charms         | 1 2 3 4 |  4.0
Summonings     | 1 2 3 4 |  4.0
Necromancy     | 1 2 3 4 |  4.0
Transmutations | 1 2 3 4 |  4.0
Fire Magic     | 1 2 3 4 |  4.0
Ice Magic      | 1 2 3 4 |  4.0
Air Magic      | 1 2 3 4 |  4.0
Earth Magic    | 1 2 3 4 |  4.0
Poison Magic   | 1 2 3 4 |  4.0
Throwing       | 3 4 5 |  5.5
Armour         | 3 4 5 |  5.5
Fighting       | 5 6 |  6.7
Long Blades    | 5 6 |  6.7
Dodging        | 5 6 |  6.7
Translocations | 6 |  6.8

Action                   |  1- 3 |  4- 6 |  7- 9 | 10-12 || total
-------------------------+-------+-------+-------+-------++-------
Melee: Falchion          |   107 |    16 |       |       ||   123
       Bite              |    15 |    19 |    67 |     7 ||   108
       Short sword       |       |    25 |    25 |       ||    50
       Punch             |       |     1 |     9 |     3 ||    13
       Dagger            |       |   101 |   365 |       ||   466
       Flail             |       |       |   110 |    48 ||   158
Throw: Tomahawk          |     1 |       |       |       ||     1
 Cast: Shroud of Golubri |     6 |     2 |    20 |     1 ||    29
       Blink             |     8 |       |     2 |       ||    10
       Teleport Other    |       |       |     1 |       ||     1
Invok: Sacrifice Love    |       |       |     1 |       ||     1
  Use: Potion            |       |       |     1 |       ||     1
       Scroll            |       |       |       |     1 ||     1
 Stab: Distracted        |       |       |     2 |       ||     2
  Eat: Chunk             |     3 |     5 |    11 |     1 ||    20
       Ration            |       |       |     2 |       ||     2
Armor: Leather armour    |     1 |       |       |       ||     1
       Scale mail        |    36 |    39 |   149 |    15 ||   239
       Ring mail         |     4 |       |       |       ||     4
Dodge: Dodged            |    86 |    66 |   321 |    37 ||   510
Block: Other             |       |       |     1 |     5 ||     6
       Reflection        |       |       |       |     1 ||     1
       Rpst.: Falchion   |    24 |     5 |       |       ||    29
